 Dungeon Crawl Stone Soup version 0.13.0-25-g43d4df3 (webtiles) character file.

70 Bloax the Ruffian (level 2, -2/25 HPs)
             Began as a Minotaur Monk on Oct 27, 2013.
             Slain by a gnoll
             ... wielding a +0,+0 whip
              (5 damage)
             ... on Level 4 of the Dungeon.
             The game lasted 00:02:37 (367 turns).

Bloax the Ruffian (Minotaur Monk)                    Turns: 367, Time: 00:02:37

HP  -2/25        AC  3     Str 13 (15) XL: 2   Next: 86%
MP   0/0         EV  7     Int  7      God:
Gold 45          SH  0     Dex 12      Spells:  0 memorised,  1 level left

Res.Fire  : . . .   See Invis. : .     - Unarmed
Res.Cold  : . . .   Warding    : .   a - +0 robe
Life Prot.: . . .   Conserve   : .   (no shield)
Res.Poison: .       Res.Corr.  : .   (helmet restricted)
Res.Elec. : .       Clarity    : .   (no cloak)
Sust.Abil.: . .     Spirit.Shd : .   e - +0 pair of dwarf gauntlets
Res.Mut.  : .       Rnd.Telep. : +   (no boots)
Res.Rott. : .       Flight     : .   (no amulet)
Saprovore : . . .                    (no ring)
                                     f - ring of teleportation

@: held, not resistant to hostile enchantments, unstealthy
A: retaliatory headbutt, horns 2
a: Evoke Teleportation


You were on level 4 of the Dungeon.
You were not hungry.

You visited 1 branch of the dungeon, and saw 4 of its levels.

You collected 45 gold pieces.


Innate Abilities, Weirdness & Mutations

You reflexively headbutt those who attack you in melee.
You have a pair of horns on your head.


   Skills:
 + Level 4.1 Fighting
 + Level 3.8 Dodging
 - Level 1.5 Stealth
 + Level 4.7 Unarmed Combat


You had one spell level left.
You didn't know any spells.

Dungeon Overview and Level Annotations

Branches:
Dungeon (4/27)
 Temple: D:4-7

Altars:
Makhleb

Inventory:

Armour
 a - a +0 robe (worn)
 e - a +0 pair of dwarven gauntlets (worn)
   (You found it on level 1 of the Dungeon)
Comestibles
 b - a bread ration
Jewellery
 f - a ring of teleportation (left hand)
   (You found it on level 3 of the Dungeon)

..# .....#
......#
..$....#
........#
....?.?.#
........####
............#
.......g@.>.#
.......g....#
........####
...g..g.#
........#
.......#
......#
.....# ###


You could see 4 gnolls.


Message History

Your surroundings suddenly seem different.
Found a burning altar of Makhleb.
Why would you want to do that?
There is a burning altar of Makhleb here.
You open the door.
There is an open door here.
A kobold comes into view. It is wielding a short sword.
The kobold shouts!
The kobold moves out of view.
A kobold comes into view.
The kobold shouts!
The kobold moves out of view.
The kobold hits you with a short sword.
* * * LOW HITPOINT WARNING * * *
You hit the kobold.
The kobold is severely wounded.
You hit the kobold.
You kill the kobold!
A goblin comes into view. It is wielding an orcish club.
You see here a short sword.
Found a stone staircase leading up.
You barely miss the kobold. The kobold hits you.
* * * LOW HITPOINT WARNING * * *
You closely miss the kobold. The kobold barely misses you.
You closely miss the kobold. The kobold barely misses you.
You punch the kobold!
You kill the kobold!
You hit the goblin.
You kill the goblin!
Things that are here:
an orcish club; a goblin corpse; a short sword
Found a scroll labeled SMELAK ATAU.
c - a scroll labeled SMELAK ATAU Read which item? (? for menu, Esc to quit)
As you read the scroll labeled SMELAK ATAU, it crumbles to dust.
You feel as if something is helping you.
It was a scroll of remove curse.
Put on which piece of jewellery? (? for menu, Esc to quit)
Okay, then.
You open the door. You open the door.
There is an open door here.
Found 29 darts.
You see here 29 darts.
A giant newt comes into view.
Found 10 bolts.
The giant newt bites you.
* * * LOW HITPOINT WARNING * * *
You are too injured to fight recklessly!
You are too injured to fight recklessly!
You are too injured to fight recklessly!
You punch the giant newt!
You kill the giant newt!
There is a stone staircase leading down here.
You climb downwards. 4 gnolls come into view.
The gnoll shouts!
Found three items.
Found a stone staircase leading down.
There is a stone staircase leading up here.
The gnoll hits you with a whip!
* * * LOW HITPOINT WARNING * * *
The gnoll throws a throwing net.
The throwing net hits you!
You become entangled in the net!
You stop ascending the stairs.
* * * LOW HITPOINT WARNING * * *
Unknown command.
Unknown command.
Unknown command.
You struggle against the net.
Unknown command.
You try to slip out of the net.
The gnoll hits you with a whip.
You die...

Action                   || total
-------------------------++-------
Melee: Unarmed           ||    28
  Use: Scroll            ||     4
       Potion            ||     2
 Stab: Sleeping          ||     1

Vault maps used:
D:1:      minmay_entry_solitary_statue, corner_web_ring
D:2:      minitemple, first_bread
D:3:      nemelex_xobeh_ov_fountains_minmay, lightli_temple_of_fire
D:4:      minmay_misc_feat_encased, chei_snail_safe_becter, uniq_blork_the_orc,
          uniq_edmund

Notes
Turn   | Place    | Note
--------------------------------------------------------------
     0 | D:1      | Bloax, the Minotaur Monk, began the quest for the Orb.
     0 | D:1      | Reached XP level 1. HP: 17/17 MP: 0/0
    44 | D:1      | Reached XP level 2. HP: 8/24 MP: 0/0
   128 | D:2      | Reached skill level 4 in Fighting
   207 | D:3      | HP: 3/25 [orc/runed orcish flail (10)]
   275 | D:3      | Found a burning altar of Makhleb.
   365 | D:4      | HP: 3/25 [gnoll/whip (8)]
   367 | D:4      | Slain by a gnoll

Vanquished Creatures
  A gnoll (D:1)
  An orc (D:3)
  A ball python (D:2)
  A bat (D:3)
  2 goblins
  6 kobolds
  A giant newt (D:3)
  A rat (D:1)
14 creatures vanquished.
